 Seeded DCSS version 0.30.1-9-gdf580d7c3d (webtiles) character file.

Game seed: 5 (custom seed)

8602 Kazon the Cruncher (level 11, -2/88 HPs)
             Began as a Green Draconian Conjurer on Oct 13, 2023.
             Was a High Priest of Okawaru.
             Slain by a wyvern (8 damage)
             ... on level 1 of the Lair of Beasts on Oct 16, 2023.
             The game lasted 01:01:32 (7175 turns).

Kazon the Cruncher (Green Draconian Conjurer)       Turns: 7175, Time: 01:01:32

Health: -2/88      AC: 12    Str: 13    XL:     11   Next: 12%
Magic:  0/25       EV:  9    Int: 18    God:    Okawaru [*****.]
Gold:   355        SH: 12    Dex: 11    Spells: 10/16 levels left

rFire   . . .        v - +0 war axe (vamp)
rCold   . . .        c - +0 tower shield
rNeg    . . .        (body armour unavailable)
rPois   +            (helmet restricted)
rElec   .            (no cloak)
rCorr   .            K - +0 pair of gloves
SInv    .            (no boots)
Will    .....        y - amulet of guardian spirit
Stlth   +++          o - ring of magical power
HPRegen 0.34/turn    L - +4 ring of protection
MPRegen 0.19/turn

%: guardian spirit
@: short of breath
A: breathe noxious fumes, AC +7, unfitting armour, poison resistance,
cold-blooded
a: Breathe Noxious Fumes, Renounce Religion, Heroism, Finesse, Duel


You were on level 1 of the Lair of Beasts.
You worshipped Okawaru.
Okawaru was extremely pleased with you.
You visited 3 branches of the dungeon, and saw 13 of its levels.
You also visited: Ossuary.

You collected 497 gold pieces.
You spent 142 gold pieces at shops.

Inventory:

Hand Weapons
 e - a +2 vampiric dagger
 f - a +1 hand axe of flaming
 s - the +3 lajatang "Gownet" {speed, *Corrode rElec rF+ Str+2}
   (You acquired it on level 1 of the Dungeon)

   Str:       It affects your strength (+2).
   rF:        It protects you from fire.
   rElec:     It insulates you from electricity.
   *Corrode:  It may corrode you when you take damage.
 v - a +0 vampiric war axe (weapon)
Missiles
 h - 12 boomerangs (quivered)
 j - 2 throwing nets
 q - 13 poisoned darts
 J - 3 silver javelins
Armour
 c - a +0 tower shield (worn)
 K - a +0 pair of gloves (worn)
Jewellery
 o - a ring of magical power (left hand)
 x - a +6 ring of dexterity
 y - an amulet of guardian spirit (around neck)
 L - a +4 ring of protection (right hand)
Wands
 D - a wand of paralysis (7)
 N - a wand of digging (7)
Scrolls
 i - 4 scrolls of identify
 k - 2 scrolls of magic mapping {unknown}
 l - a scroll of blinking {unknown}
 m - 2 scrolls of teleportation
 n - a scroll of fog {unknown}
 t - a scroll of torment {unknown}
 w - a scroll of amnesia {unknown}
 C - a scroll of poison {unknown}
 F - 2 scrolls of enchant armour {unknown}
 H - 2 scrolls of fear {unknown}
 I - a scroll of enchant weapon {unknown}
Potions
 a - 3 potions of magic
 b - a potion of cancellation {unknown}
 d - a potion of haste {unknown}
 g - 4 potions of curing
 p - 5 potions of flight {unknown}
 r - 2 potions of invisibility {unknown}
 u - a potion of resistance {unknown}
 z - 6 potions of heal wounds {unknown}
 A - a potion of lignification {unknown}
 B - 4 potions of attraction {unknown}
 E - 2 potions of berserk rage {unknown}
 G - 2 potions of brilliance {unknown}


   Skills:
 + Level 5.3 Fighting
 + Level 5.1 Axes
 + Level 8.1 Staves
 + Level 2.5 Throwing
 + Level 4.5 Dodging
 + Level 5.5 Stealth
 + Level 3.7 Shields
 + Level 3.2 Spellcasting
 + Level 5.3 Conjurations
 + Level 1.7 Hexes
 * Level 6.8 Invocations
 * Level 6.0 Evocations


You had 10 spell levels left.
You knew the following spells:

 Your Spells              Type           Power      Damage    Failure   Level
a - Magic Dart            Conj           88%        1d7       28%         1
b - Searing Ray           Conj           44%        2d6       38%         2
c - Dazzling Flash        Conj/Hex       30%        N/A       87%         3

Your spell library contained the following spells:

 Spells                   Type           Power      Damage    Failure   Level
 Fulminant Prism          Conj/Hex       7%         3d7       99%         4
 Frozen Ramparts          Ice            4%         1d1       100%        3
 Ignite Poison            Fire/Tmut/Pois 2%         N/A       100%        3
 Ice Form                 Ice/Tmut       2%         N/A       100%        4
 Iskenderun's Mystic Bla  Conj/Tloc      12%        2d5       100%        4
 Sticky Flame             Conj/Fire      12%        2d4       100%        4
 Alistair's Intoxication  Tmut/Pois      1%         N/A       100%        5
 Borgnjor's Vile Clutch   Necr/Erth      1%         N/A       100%        5
 Eringya's Noxious Bog    Tmut/Pois      1%         N/A       100%        6
 Ignition                 Fire           1%         3d3       100%        8
 Summon Ice Beast         Ice/Summ       Unusable   N/A       N/A         4
 Summon Forest            Summ/Tloc      Unusable   N/A       N/A         5
 Summon Hydra             Summ           Unusable   N/A       N/A         7

Dungeon Overview and Level Annotations

Branches:
Dungeon (11/15)            Temple (1/1) D:4            Lair (1/5) D:8
Ossuary (visited)
    Orc: D:9-12

Altars:
Dithmenos
Fedhas
Gozag
Hepliaklqana
Okawaru
Qazlal
Trog
Uskayaw
Wu Jian
Xom
The Shining One

Shops:
D:8 *


Innate Abilities, Weirdness & Mutations

You can breathe blasts of noxious fumes.
Your lurid green scales are hard. (AC +7)
You cannot fit into any form of body armour.
Your system is resistant to poisons. (rPois)
You are cold-blooded and may be slowed by cold attacks.


Message History

You hit the wyvern but do no damage.
The wyvern is heavily wounded.
The wyvern bites you!
* * * LOW HITPOINT WARNING * * *
You block the wyvern's attack.
You barely miss the wyvern.
The wyvern is heavily wounded.
The wyvern bites you.
* * * LOW HITPOINT WARNING * * *
You block the wyvern's attack. x2
Okay, then.
Aiming: Breathe Noxious Fumes (3% risk of failure)
Press: ? - help, Shift-Dir - straight line, f - wyvern
Aim: a wyvern (heavily wounded, 59% to hit)
You exhale a blast of noxious fumes.
The blast of choking fumes misses the wyvern.
The wyvern is engulfed in noxious fumes.
The wyvern appears confused.
Throw: 13 boomerangs
Press: ? - help, Q - select action, (/) - cycle Shift-Dir - straight line, f/p - wyvern
Aim: a wyvern (heavily wounded, confused, 78% to hit)
You throw a boomerang.
The boomerang hits the wyvern and shatters, but does no damage.
The wyvern is heavily wounded.
The wyvern is engulfed in noxious fumes.
The wyvern appears confused.
Throw: 12 boomerangs
Press: ? - help, Q - select action, (/) - cycle Shift-Dir - straight line, f/p - wyvern
Aim: a wyvern (noxious fumes, heavily wounded, confused, 78% to hit)
You throw a boomerang. The boomerang barely misses the wyvern.
The wyvern is engulfed in noxious fumes.
The wyvern appears confused.
You barely miss the wyvern.
The wyvern is heavily wounded.
The wyvern is engulfed in noxious fumes.
The wyvern appears confused.
You hit the wyvern.
The wyvern is severely wounded.
The wyvern closely misses you. The wyvern bites you!
You die...

.
...P#########.#
......°@.......
......l........
...............
..........)....
...............
.#.############
##


You could see a wyvern (confused).

Vanquished Creatures
  A boulder beetle (D:11)
  A two-headed ogre (D:7)
  2 polar bears
  A troll (D:11)
  A shadow (D:9)
  A vampire (D:9)
  Sigmund (D:4)
  A wraith (D:11)
  A wyvern (D:8)
  3 basilisks (D:8)
  A yak (D:8)
  A steam dragon (D:8)
  Duvessa (D:6)
  6 water moccasins
  An ice beast (D:8)
  A sky beast (D:7)
  5 black bears
  3 wolves (D:8)
  2 centaurs
  2 ogres
  An elf zombie (Ossuary)
  2 kobold brigands
  A bullfrog (D:8)
  A gnoll sergeant (D:8)
  3 scorpions
  20 wights
  4 killer bees (D:7)
  Dowan (D:6)
  4 howler monkeys
  A vampire bat (D:7)
  An electric eel (D:8)
  6 hounds
  A wyvern simulacrum (D:8)
  A centaur zombie (Ossuary)
  4 orc priests
  3 human zombies (Ossuary)
  A jelly (D:5)
  6 iguanas
  10 orc wizards
  4 ogre zombies (Ossuary)
  A centaur simulacrum (D:8)
  7 mummies (Ossuary)
  11 gnolls
  9 adders
  A shadow imp (D:8)
  A white imp (D:7)
  2 ufetubi
  A worm zombie (D:7)
  2 adder zombies (Ossuary)
  3 worms
  22 orcs
  12 bats
  9 endoplasms
  A giant cockroach (D:1)
  12 goblins
  7 hobgoblins
  11 jackals
  15 kobolds
  3 quokkas (D:4)
  6 ball pythons
  3 frilled lizards
  4 goblin zombies (Ossuary)
  6 hobgoblin zombies
  3 kobold zombies
  4 quokka zombies (Ossuary)
  4 rats
  4 rat zombies (Ossuary)
275 creatures vanquished.

Notes
Turn   | Place    | Note
-------+----------+-------------------------------------------
     0 | D:1      | Kazon the Draconian Conjurer began the quest for the Orb.
     0 | D:1      | Reached XP level 1. HP: 14/14 MP: 3/3
   108 | D:1      | Reached XP level 2. HP: 16/20 MP: 0/5
   119 | D:1      | Identified a scroll of acquirement
   119 | D:1      | Acquired the +3 lajatang "Gownet" {speed, *Corrode rElec
                  | rF+ Str+2}
   474 | D:1      | Reached XP level 3. HP: 27/27 MP: 4/6
   587 | D:1      | Learned a level 2 spell: Searing Ray
   591 | D:1      | Learned a level 3 spell: Dazzling Flash
  1120 | D:2      | Reached skill level 1 in Throwing
  1223 | D:2      | Reached XP level 4. HP: 34/34 MP: 2/7
  1276 | D:2      | Reached skill level 1 in Staves
  1617 | D:3      | Found a blossoming altar of Fedhas.
  1814 | D:3      | Found a stormy altar of Qazlal.
  1905 | D:3      | Found a faded altar of an unknown god.
  1929 | D:3      | Identified the +2 sling "Qeuhanocyt" {speed, rElec Str-3
                  | Dex+2}
  2048 | D:4      | Found a staircase to the Ecumenical Temple.
  2056 | Temple   | Entered the Ecumenical Temple
  2070 | Temple   | Became a worshipper of Warmaster Okawaru
  2143 | D:4      | Noticed a scorpion
  2148 | D:4      | Killed a scorpion
  2149 | D:4      | Reached skill level 2 in Staves
  2149 | D:4      | Reached XP level 5. HP: 35/39 MP: 8/8
  2172 | D:4      | Noticed Sigmund
  2180 | D:4      | Killed Sigmund
  2180 | D:4      | Reached * piety under Okawaru
  2181 | D:4      | Reached skill level 1 in Fighting
  2181 | D:4      | Reached skill level 3 in Staves
  2181 | D:4      | Reached skill level 1 in Invocations
  2181 | D:4      | Reached XP level 6. HP: 47/47 MP: 9/9
  2227 | D:4      | Found a hazy altar of Hepliaklqana.
  2228 | D:4      | Found a shadowy altar of Dithmenos.
  2228 | D:4      | Noticed a shadow
  2439 | D:4      | Reached ** piety under Okawaru
  2440 | D:4      | Reached skill level 4 in Staves
  2440 | D:4      | Your scales start taking on a lurid green colour.
  2440 | D:4      | Reached XP level 7. HP: 45/53 MP: 11/11
  2440 | D:4      | Gained mutation: Your system is resistant to poisons.
                  | (rPois) [Green Draconian growth]
  2893 | D:5      | Entered Level 5 of the Dungeon
  3165 | D:5      | Reached skill level 1 in Evocations
  3394 | D:6      | Noticed Dowan
  3396 | D:6      | Noticed Duvessa
  3406 | D:6      | Killed Duvessa
  3407 | D:6      | Reached skill level 5 in Staves
  3407 | D:6      | Reached XP level 8. HP: 54/61 MP: 12/12
  3407 | D:6      | Killed Dowan
  3516 | D:6      | Found a shimmering altar of Xom.
  3541 | D:6      | Reached *** piety under Okawaru
  3724 | D:6      | Reached skill level 6 in Staves
  4114 | D:7      | Found a sand-covered staircase.
  4130 | Ossuary  | Entered an ossuary
  4174 | Ossuary  | Reached skill level 1 in Shields
  4243 | Ossuary  | Reached skill level 1 in Axes
  4594 | Ossuary  | Reached XP level 9. HP: 68/68 MP: 13/13
  4721 | D:7      | Reached skill level 5 in Conjurations
  4737 | D:7      | Noticed a two-headed ogre
  4748 | D:7      | Killed a two-headed ogre
  4749 | D:7      | Reached skill level 1 in Hexes
  4749 | D:7      | Reached skill level 5 in Invocations
  4997 | D:7      | Reached **** piety under Okawaru
  5211 | D:7      | Received a gift from Okawaru
  5298 | D:7      | Reached XP level 10. HP: 80/80 MP: 14/14
  5745 | D:8      | Found a staircase to the Lair.
  5749 | D:8      | Reached skill level 5 in Evocations
  5768 | D:8      | Reached skill level 7 in Staves
  5783 | D:8      | Found Izo Qiri's Assorted Antiques.
  5795 | D:8      | Bought a sedimented brown potion for 26 gold pieces
  5795 | D:8      | Bought a curved iron wand for 116 gold pieces
  5955 | D:8      | Reached skill level 5 in Stealth
  5972 | D:8      | Reached skill level 5 in Fighting
  6190 | D:8      | Reached ***** piety under Okawaru
  6368 | D:8      | You fall into a shaft and drop 3 floors!
  6403 | D:11     | Noticed a boulder beetle
  6450 | D:11     | Killed a boulder beetle
  6451 | D:11     | Reached skill level 5 in Axes
  6533 | D:11     | Reached XP level 11. HP: 52/88 MP: 15/15
  6575 | D:10     | Entered Level 10 of the Dungeon
  6766 | D:9      | Reached skill level 8 in Staves
  6801 | D:9      | Received a gift from Okawaru
  7150 | Lair:1   | Entered Level 1 of the Lair of Beasts
  7169 | Lair:1   | HP: 4/88 [wyvern (7)]
  7175 | Lair:1   | Slain by a wyvern

Illustrated notes

Levels and vault maps discovered:
D:1:      ebering_trefoil_3fold, layout_basic, st_stairs_14, serial_bayou_ford_a
D:2:      layout_basic, hangedman_decor_growths, minmay_close_crescents
D:3:      layout_rooms, mainiacjoe_overflow_concentric_impassable,
          mainiacjoe_overflow_paths, shapermc_ecumenical_altar_acropolis,
          chequers_serial_rivers_micro_b
D:4:      layout_basic, riverfiend_overflow_shadow_ancestor,
          minmay_temple_entry_glass, uniq_sigmund
D:5:      layout_gridville
D:6:      layout_basic, xom_teletrap_fun, uniq_duvessa
D:7:      layout_loops_ring, enter_ossuary_3, roderic_batcave
D:8:      layout_layer_cave, minmay_lair_entry_grove, serial_shops,
          nicolae_lakefront_shop, serial_ice, serial_ice_o, serial_ice_d,
          serial_ice_k, serial_ice_a
D:9:      layout_loops_ring, nicolae_wwwww, uniq_maurice
D:10:     layout_irregular_city, led_sif_pool, uniq_snorg
D:11:     layout_basic, zombieorc2_lemuel, chequers_garden
Temple:   nicolae_temple_elliptical
Lair:1:   layout_big_grid, serial_bayou_pond_a

Skill      XL: |  1  2  3  4  5  6  7  8  9 10 11 |
---------------+----------------------------------+-----
Stealth        | 2 3 4 5 |  5.5
Throwing       | 1 2 |  2.5
Dodging        | 2 3 4 |  4.5
Staves         | 2 3 4 5 6 7 8 |  8.1
Fighting       | 1 2 4 5 |  5.3
Invocations    | 1 2 3 4 5 6 |  6.8
Evocations     | 2 3 4 5 6 |  6.0
Shields        | 1 2 3 |  3.7
Axes           | 2 4 5 |  5.1
Conjurations   | 5 |  5.3
Spellcasting   | 3 |  3.2
Hexes          | 1 |  1.7

Action                     |  1- 3 |  4- 6 |  7- 9 | 10-12 || total
---------------------------+-------+-------+-------+-------++-------
  Melee: Dagger            |    17 |       |     1 |       ||    18
         Tailslap          |     4 |     5 |    61 |    45 ||   115
         Lajatang          |    64 |    77 |   152 |   180 ||   473
         Hand axe          |       |       |   277 |    64 ||   341
         War axe           |       |       |       |    22 ||    22
  Throw: Boomerang         |     1 |       |     7 |    20 ||    28
         Stone             |       |       |    47 |       ||    47
         Dart              |       |       |    14 |     4 ||    18
   Cast: Magic Dart        |    29 |    25 |    18 |    35 ||   107
         Searing Ray       |     4 |     1 |     7 |     2 ||    14
         Dazzling Flash    |       |     1 |     1 |       ||     2
 Invoke: Heroism           |       |       |     3 |     4 ||     7
         Finesse           |       |       |       |     1 ||     1
Ability: Breathe Noxious F |       |       |    18 |    17 ||    35
  Evoke: Wand              |       |       |       |     1 ||     1
    Use: Scroll            |     2 |     1 |     1 |     1 ||     5
         Potion            |       |       |     1 |       ||     1
   Stab: Sleeping          |     5 |     4 |    20 |     5 ||    34
         Confused          |       |       |    18 |     8 ||    26
         Paralysed         |       |       |       |     5 ||     5
 Armour: Skin              |    23 |    20 |   147 |    74 ||   264
  Dodge: Dodged            |    55 |    35 |   190 |   118 ||   398
  Block: Tower shield      |       |       |   200 |    87 ||   287
